 Dungeon Crawl Stone Soup version 0.31-a0-986-g5e6e4ef867 (webtiles) character file.

Game seed: 2595947218539664681

4089 wildpjah the Carver (level 10, -1/61 HPs)
             Began as a Tengu Fighter on Nov 21, 2023.
             Was a High Priest of Cheibriados.
             Killed from afar by an acid dragon (14 damage)
             ... with a splash of acid
             ... on level 8 of the Dungeon.
             The game lasted 00:13:36 (6120 turns).

wildpjah the Carver (Tengu Fighter)                 Turns: 6120, Time: 00:13:38

Health: -1/61      AC:  8    Str: 30    XL:     10   Next: 26%
Magic:  8/11       EV: 21    Int: 21    God:    Cheibriados [*****.]
Gold:   304        SH: 13    Dex: 31    Spells: 9/9 levels left

rFire   . . .        v - +1 falchion (vamp)
rCold   . . .        c - +0 buckler
rNeg    . . .        b - +0 scale mail
rPois   .            (helmet restricted)
rElec   .            (no cloak)
rCorr   .            (no gloves)
SInv    +            (boots unavailable)
Will    .....        u - amulet of reflection
Stlth   +            K - ring of see invisible
HPRegen 0.30/turn    (no ring)
MPRegen 0.12/turn

%: reflection, acrobat
@: flying, very slow
A: beak, talons 3, evasive flight, acrobatic
a: Renounce Religion, Bend Time, Temporal Distortion, Slouch, Step From Time


You were on level 8 of the Dungeon.
You worshipped Cheibriados.
Cheibriados was extremely pleased with you.
You visited 1 branch of the dungeon, and saw 8 of its levels.

You collected 304 gold pieces.

Inventory:

Hand Weapons
 a - a +0 long sword
 v - a +1 vampiric falchion (weapon)
 D - a +1 short sword of venom
Missiles
 w - a throwing net
Armour
 b - a +0 scale mail (worn)
 c - a +0 buckler (worn)
 k - a +3 leather armour of cold resistance
Jewellery
 e - a ring of fire
 p - an amulet of guardian spirit
 u - an amulet of reflection (around neck)
 E - the ring "Vyevap" {rElec rC+ rCorr Dex-5 Stlth+}
   (You found it on level 6 of the Dungeon)

   [ring of resist corrosion]

   Dex-5:     It affects your dexterity (-5).
   rC+:       It protects you from cold.
   rElec:     It insulates you from electricity.
   rCorr:     It protects you from acid and corrosion.
   Stlth+:    It makes you more stealthy.
 K - a ring of see invisible (left hand)
Wands
 y - a wand of mindburst (4)
 G - a wand of iceblast (13) (quivered)
Scrolls
 h - 6 scrolls of identify {unknown}
 i - a scroll of enchant weapon {unknown}
 j - a scroll of enchant armour {unknown}
 m - 4 scrolls of teleportation {unknown}
 q - a scroll of torment {unknown}
 s - 4 scrolls of butterflies {unknown}
 x - a scroll of fear {unknown}
 A - a scroll of blinking {unknown}
 C - 2 scrolls of poison {unknown}
 F - a scroll of immolation {unknown}
 H - a scroll of noise {unknown}
 I - a scroll of revelation {unknown}
 J - a scroll of amnesia {unknown}
Potions
 d - 2 potions of might
 f - 3 potions of curing {unknown}
 g - a potion of cancellation {unknown}
 l - 2 potions of degeneration {unknown}
 n - a potion of resistance {unknown}
 o - 2 potions of enlightenment {unknown}
 r - a potion of haste {unknown}
 t - 2 potions of heal wounds {unknown}
 z - 4 potions of brilliance {unknown}
 B - a potion of magic {unknown}


   Skills:
 * Level 6.7 Fighting
 + Level 9.0 Long Blades
 * Level 8.4 Armour
 * Level 6.7 Dodging
 + Level 0.6 Stealth
 + Level 5.3 Shields
 + Level 0.7 Invocations


You had 9 spell levels left.
You didn't know any spells.
Your spell library contained the following spells:

 Spells                   Type           Power      Damage    Failure   Level
 Kiss of Death            Conj/Necr      0%         2d5       36%         1
 Confusing Touch          Hex            0%         N/A       75%         3
 Brom's Barrelling Bould  Conj/Erth      0%         2d3       98%         4
 Dispel Undead            Necr           0%         3d6       98%         4
 Fireball                 Conj/Fire      0%         3d3       100%        5
 Iskenderun's Battlesphe  Conj           0%         2d6       100%        5
 Conjure Ball Lightning   Conj/Air       0%         3x3d6     100%        6
 Orb of Destruction       Conj           0%         9d5       100%        7


Dungeon Overview and Level Annotations

Branches:
Dungeon (8/15)             Temple (0/1) D:7
   Lair: D:8-11

Altars:
Cheibriados
Vehumet
Yredelemnul

Shops:
D:1 [[*![   D:4 [


Innate Abilities, Weirdness & Mutations

You have a beak for a mouth.
You have claws for feet.
Your magical flight helps you evade attacks. (EV +4)
You can magically evade attacks while moving or waiting.


Message History

You block the orc's attack. The orc barely misses you.
You slash the orc warrior!
You feel better.
You claw the orc warrior.
The orc warrior is almost dead.
The orc warrior hits you with a +0 battleaxe.
The orc misses you. x2
The acid dragon spits acid at you. The splash of acid hits you!!
You hear a roar!
You hit the orc warrior.
You feel better.
Your kick misses the orc warrior.
The orc warrior is almost dead.
The orc warrior completely misses you. The orc closely misses you.
You block the orc's attack. The acid dragon bites you.
You block the acid dragon's attack.
You slash the orc warrior!
You feel better.
You kill the orc warrior!
Cheibriados appreciates the change of pace.
You hit the orc.
You feel better.
You claw the orc.
You kill the orc!
Cheibriados appreciates the change of pace.
You block the orc's attack. The acid dragon spits acid at you.
The splash of acid hits you!
* * * LOW HITPOINT WARNING * * *
The flow of time bends around you.
The acid dragon resists with some effort.
Cheibriados rebukes the orc.
The orc seems to slow down.
The acid dragon closely misses you. x2
You block the orc's attack.
You slash the acid dragon! Your kick misses the acid dragon.
You peck the acid dragon, but do no damage.
The acid dragon is moderately wounded.
You block the acid dragon's attack.
The acid dragon claws you but does no damage.
You hit the acid dragon but do no damage.
You claw the acid dragon.
You peck the acid dragon, but do no damage.
The acid dragon is heavily wounded.
The acid dragon spits acid at you. The splash of acid hits you!
You die...

... ##..................
###.##.<###..##..........
.>.....##....####.#..####
..........##.# #...##
##..#...####.# #..##
##...#... #.# ##.##
#...##..##.###..# ....#
#..#..#D.## ...#.#
......)@# #..#.#
#.....o)# ...#....# ..
#..... . #..... #.##...
#. ...# .. .#.#


You could see an acid dragon (catching breath) and an orc (slow).

Vanquished Creatures
  Pikel (D:7)
  Jeremiah (D:6)
  Prince Ribbit (D:8)
  Sigmund (D:4)
  Duvessa (D:7)
  A black bear (D:5)
  Pargi (D:4)
  2 ice beasts (D:5)
  An orc warrior (D:8)
  2 ogres
  A centaur (D:6)
  A lemure (D:7)
  2 phantoms
  3 bullfrogs
  A kobold brigand (D:6)
  4 scorpions
  3 wyvern zombies (D:7)
  Dowan (D:7)
  A howler monkey (D:6)
  2 centaur zombies (D:7)
  A bullfrog zombie (D:7)
  4 hounds
  3 orc priests
  2 gnoll boudas
  A jelly (D:8)
  3 sleepcaps
  Jessica (D:2)
  7 iguanas
  7 orc wizards
  Natasha (thrice) (D:2)
  2 killer bee zombies (D:7)
  10 gnolls
  6 adders
  2 shadow imps
  2 white imps (D:5)
  A worm (D:4)
  2 dart slugs (D:4)
  29 orcs
  3 endoplasms
  5 giant cockroaches
  8 goblins
  6 hobgoblins
  12 jackals
  6 quokkas
  5 ball pythons
  4 bats
  7 frilled lizards
  12 kobolds
  5 rats
190 creatures vanquished.

Notes
Turn   | Place    | Note
-------+----------+-------------------------------------------
     0 | D:1      | wildpjah the Tengu Fighter began the quest for the Orb.
     0 | D:1      | Reached XP level 1. HP: 14/14 MP: 2/2
   116 | D:1      | Reached XP level 2. HP: 5/19 MP: 3/3
   177 | D:1      | Found Gyaruom's Armour Shop.
   207 | D:1      | Found a faded altar of an unknown god.
   212 | D:1      | Prayed at the altar of an unknown god.
   212 | D:1      | Became a worshipper of Cheibriados the Contemplative
   212 | D:1      | Reached * piety under Cheibriados
   244 | D:1      | Found Yschuseoj's Distillery.
   363 | D:1      | Found Aqengia's Armour Boutique.
   393 | D:1      | Found Lov Hike's Assorted Antiques.
   576 | D:1      | Reached XP level 3. HP: 23/23 MP: 4/4
   711 | D:1      | Found Mokk's Armour Shoppe.
   978 | D:2      | Reached ** piety under Cheibriados
  1004 | D:2      | Noticed Jessica
  1006 | D:2      | Killed Jessica
  1007 | D:2      | Reached XP level 4. HP: 28/28 MP: 5/5
  1078 | D:2      | Noticed Natasha
  1081 | D:2      | Killed Natasha
  1082 | D:2      | Reached skill level 3 in Long Blades
  1082 | D:2      | Reached skill level 1 in Dodging
  1169 | D:2      | Noticed Natasha
  1176 | D:2      | Killed Natasha
  1177 | D:2      | Reached XP level 5. HP: 19/32 MP: 6/6
  1436 | D:2      | Found a radiant altar of Vehumet.
  1537 | D:2      | Noticed Natasha
  1542 | D:2      | Killed Natasha
  1758 | D:3      | Reached *** piety under Cheibriados
  1828 | D:3      | Reached skill level 4 in Long Blades
  2470 | D:4      | Noticed a phantom
  2480 | D:4      | Killed a phantom
  2481 | D:4      | Reached skill level 5 in Armour
  2481 | D:4      | Reached XP level 6. HP: 32/37 MP: 7/7
  2693 | D:4      | Noticed Sigmund
  2698 | D:4      | Killed Sigmund
  2699 | D:4      | Gained mutation: Your magical flight helps you evade
                  | attacks. (EV +4) [Tengu growth]
  2699 | D:4      | Reached XP level 7. HP: 33/42 MP: 4/8
  2744 | D:4      | Noticed Pargi
  2761 | D:4      | Killed Pargi
  2762 | D:4      | Reached skill level 5 in Long Blades
  2861 | D:4      | Reached **** piety under Cheibriados
  2966 | D:4      | Found Hopnuf's Armour Shop.
  3349 | D:5      | Entered Level 5 of the Dungeon
  3358 | D:5      | Reached XP level 8. HP: 48/48 MP: 9/9
  3505 | D:5      | Reached skill level 6 in Long Blades
  3841 | D:5      | Reached skill level 5 in Fighting
  3848 | D:5      | Reached ***** piety under Cheibriados
  3970 | D:5      | Reached skill level 7 in Long Blades
  4141 | D:6      | Reached XP level 9. HP: 54/54 MP: 10/10
  4169 | D:6      | Identified the ring "Vyevap" {rElec rC+ rCorr Dex-5 Stlth+}
  4193 | D:6      | Reached skill level 5 in Dodging
  4360 | D:6      | Noticed Jeremiah
  4805 | D:6      | Killed Jeremiah
  5408 | D:7      | Noticed Dowan
  5418 | D:7      | Killed Dowan
  5424 | D:7      | Reached skill level 8 in Long Blades
  5508 | D:7      | Noticed Duvessa
  5512 | D:7      | Reached skill level 5 in Shields
  5517 | D:7      | Killed Duvessa
  5552 | D:7      | Found a basalt altar of Yredelemnul.
  5737 | D:7      | Found a staircase to the Ecumenical Temple.
  5794 | D:7      | Reached XP level 10. HP: 61/61 MP: 11/11
  5868 | D:7      | Noticed Pikel
  5881 | D:7      | Killed Pikel
  6087 | D:8      | Noticed Prince Ribbit
  6094 | D:8      | Killed Prince Ribbit
  6095 | D:8      | Reached skill level 9 in Long Blades
  6120 | D:8      | Killed from afar by an acid dragon

Illustrated notes

Levels and vault maps discovered:
D:1:      dpeg_arrival_three_same_balls, layout_loops_ring, serial_shops, shop,
          shop, shop, nicolae_shop_advertising_works
          [nicolae_subvault_shop_adworks], shop, ebering_ecumenical_altar_hall,
          chequers_garden
D:2:      layout_basic, basic_altar, nicolae_kite_square_tiling_tiny,
          uniq_natasha, uniq_jessica
D:3:      layout_basic
D:4:      layout_loops_ring, serial_shops, shop_fountains, uniq_pargi,
          uniq_sigmund
D:5:      layout_loops_cross
D:6:      layout_loops_ring, corner_web_ring, grunt_ministairs_14,
          hangedman_abyss_or_decor_jellyfish_corner, uniq_jeremiah
D:7:      layout_cave_pools, nicolae_yredelemnul_corpse_copse,
          minmay_temple_entry_glass, minmay_between, uniq_pikel, uniq_duvessa
D:8:      layout_rooms, kennysheep_mini_moat, kennysheep_okawaru_gauntlet,
          serial_shops, nicolae_shop_tiny_statue_garden, uniq_prince_ribbit1,
          uniq_joseph, uniq_maggie

Skill      XL: |  1  2  3  4  5  6  7  8  9 10 |
---------------+-------------------------------+-----
Armour         | 4 5 6 7 8 |  8.4
Long Blades    | 3 4 5 7 8 9 |  9.0
Dodging        | 1 2 3 4 6 |  6.7
Fighting       | 4 5 6 |  6.7
Shields        | 4 5 |  5.3
Stealth        | |  0.6
Invocations    | |  0.7

Action                     |  1- 3 |  4- 6 |  7- 9 | 10-12 || total
---------------------------+-------+-------+-------+-------++-------
  Melee: Long sword        |    63 |   103 |    21 |       ||   187
         Kick              |    13 |    31 |   139 |    14 ||   197
         Peck              |     5 |    10 |    72 |     7 ||    94
         Falchion          |       |       |   333 |    32 ||   365
 Invoke: Bend Time         |       |     1 |     2 |     1 ||     4
         Temporal Distorti |       |       |     1 |       ||     1
  Evoke: Wand              |       |       |       |     1 ||     1
 Armour: Scale mail        |    24 |    63 |   136 |    15 ||   238
  Dodge: Dodged            |    28 |    83 |   288 |    29 ||   428
  Block: Buckler           |    14 |    40 |   128 |    15 ||   197
         Reflection        |       |       |       |     1 ||     1

Table legend: (Time is in decaauts)
 A = Elapsed time spent in this place.
 B = Non-inter-level travel time spent in this place.
 C = Inter-level travel time spent in this place.
 D = Time resting spent in this place.
 E = Time spent auto-exploring this place.
 F = Levels seen in this place.
 G = Mean time per level.
                   A        B        C        D        E       F      G
               +--------+--------+--------+--------+--------+-----+--------+
         Total |   9004 |   8727 |    277 |    238 |   7113 |   8 | 1125.5 |
       Dungeon |   9004 |   8727 |    277 |    238 |   7113 |   8 | 1125.5 |
               +--------+--------+--------+--------+--------+-----+--------+

Top non-repeatable levels by time:
     D:6: 1545 daAuts
     D:5: 1512 daAuts
     D:4: 1326 daAuts
     D:3: 1172 daAuts
     D:1: 1155 daAuts
     D:2: 1131 daAuts
     D:7: 1084 daAuts
     D:8: 75 daAuts
